 Dungeon Crawl Stone Soup version 0.30-b1-2-g02819fbbbe (webtiles) character file.

Game seed: 10894032811874757574

3233 GriffinBabe the Thaumaturge (level 9, -3/54 HPs)
             Began as a Deep Elf Fire Elementalist on July 31, 2023.
             Slain by a hornet (6 damage)
             ... on level 8 of the Dungeon on Aug 3, 2023.
             The game lasted 01:24:32 (10037 turns).

GriffinBabe the Thaumaturge (DEFE)                 Turns: 10037, Time: 01:24:32

Health: -3/54      AC:  2    Str:  5    XL:     9   Next: 66%
Magic:  15/25      EV: 15    Int: 25    God:
Gold:   33         SH:  0    Dex: 15    Spells: 18/28 levels left

rFire   + + .        j - +0 dagger
rCold   + . .        (no shield)
rNeg    . . .        a - +0 robe
rPois   +            m - +0 hat
rElec   +            (no cloak)
rCorr   +            (no gloves)
SInv    .            (no boots)
Will    .....        I - amulet of regeneration
Stlth   ++++         s - ring of fire
HPRegen 1.09/turn    x - ring of protection from cold
MPRegen 0.19/turn

%: no passive effects
@: lethally poisoned (-3 -> -6), resistant, slowed, very slow
A: no striking features
a: no special abilities


You were on level 8 of the Dungeon.
You visited 2 branches of the dungeon, and saw 9 of its levels.
You also visited: Sewer.

You collected 393 gold pieces.
You spent 360 gold pieces at shops.

Inventory:

Hand Weapons
 j - a +0 dagger (weapon)
 k - the +8 long sword of Ynedeiqoyr {drain, rN++ Str+2 SInv}
   (You took it off a hobgoblin on level 2 of the Dungeon)

   Str:       It affects your strength (+2).
   rN:        It greatly protects you from negative energy.
   SInv:      It lets you see invisible.
 B - a +1 dagger of venom
 C - the +1 war axe of Twilight {drain, rC+}
   (You took it off a goblin on level 6 of the Dungeon)

   rC:        It protects you from cold.
Armour
 a - a +0 robe (worn)
 m - a +0 hat (worn)
Jewellery
 s - a ring of fire (left hand)
 x - a ring of protection from cold (right hand)
 D - an amulet of regeneration
 E - a ring of positive energy
 I - an amulet of regeneration (around neck)
Wands
 y - a wand of paralysis (6)
 G - a wand of polymorph (7)
Scrolls
 c - a scroll of teleportation
 d - 2 scrolls of enchant armour
 i - a scroll of amnesia {unknown}
 o - 2 scrolls of immolation
 p - a scroll of vulnerability {unknown}
 r - 3 scrolls of fear
 z - 3 scrolls of brand weapon
 A - a scroll of fog {unknown}
 H - 3 scrolls of poison {unknown}
Potions
 b - 2 potions of magic
 e - a potion of might {unknown}
 f - 2 potions of flight
 h - 3 potions of haste
 l - a potion of lignification {unknown}
 n - 2 potions of mutation
 q - a potion of resistance
 t - a potion of degeneration {unknown}
 u - 4 potions of cancellation
 v - a potion of heal wounds {unknown}
 w - a potion of invisibility {unknown}
 F - a potion of curing {unknown}
 J - a potion of attraction {unknown}


   Skills:
 * Level 5.6 Fighting
 + Level 6.5 Dodging
 + Level 7.1 Stealth
 + Level 10.0 Spellcasting
 - Level 2.2 Conjurations
 - Level 0.4 Translocations
 - Level 6.8 Fire Magic


You had 18 spell levels left.
You knew the following spells:

 Your Spells              Type           Power      Damage    Failure   Level
a - Foxfire               Conj/Fire      100%       2x1d9     1%          1
b - Scorch                Fire           100%       2d9       1%          2
c - Volatile Blastmotes   Fire/Tloc      90%        2d17      3%          3
d - Flame Wave            Conj/Fire      52%        2d13      8%          4

Your spell library contained the following spells:

 Spells                   Type           Power      Damage    Failure   Level
 Inner Flame              Hex/Fire       44%        N/A       3%          3
 Stone Arrow              Conj/Erth      36%        3d9       10%         3
 Animate Armour           Summ/Erth      24%        N/A       43%         4
 Lehudib's Crystal Spear  Conj/Erth      9%         10d4      100%        8


Dungeon Overview and Level Annotations

Branches:
Dungeon (8/15)             Temple (1/1) D:7           Sewer (visited)
   Lair: D:8-11

Altars:
Ashenzari
Cheibriados
Dithmenos
Elyvilon
Fedhas
Gozag
Kikubaaqudgha
Makhleb
Nemelex Xobeh
Ru
Sif Muna
Xom
Yredelemnul
The Shining One

Shops:
D:4 :   D:7 *=

Annotations:
D:3 2 transporters
D:4 exclusion: downstairs


Message History

The killer bee stings you! The killer bee stings you.
You are poisoned.
The killer bee poisons you!
You feel sick. The killer bee barely misses you.
You feel sick.
The cloud of blastmotes explodes!
The concussive blast engulfs something!!
The concussive blast engulfs the killer bee!
You kill the killer bee!
Casting: Volatile Blastmotes (dangerous; 3% risk of failure)
Confirm with . or Enter, or press ? or * to list all spells.
You feel a surge of power!
A cloud of volatile blastmotes flares up around you!
You feel sick. Something hits you.
Deactivating autopickup; reactivate with Ctrl-A.
Something hits you.
A kobold brigand comes into view.
It is wielding a +0 dagger and quivering curare-tipped darts.
You feel sick.
You are too injured to fight recklessly!
You feel sick.
The cloud of blastmotes explodes!
The concussive blast engulfs the hornet!
The hornet is heavily wounded.
The kobold brigand throws a curare-tipped dart.
The curare-tipped dart hits you.
You are more poisoned.
You have difficulty breathing.
* * * LOW HITPOINT WARNING * * *
You feel yourself slow down.
You hear the roar of battle.
There is an entrance to a bailey on this level.
Hurry and find it before the portal closes forever!
Welcome back, GriffinBabe the Deep Elf Fire Elementalist.
Press ? for a list of commands and other information.
It was a potion of resistance.
You feel protected.
You feel very sick. The hornet stings you.
* * * LOW HITPOINT WARNING * * *
You feel as though you will be slow longer.
The kobold brigand throws a curare-tipped dart.
The curare-tipped dart hits you. The hornet stings you.
You die...

# .# ♣♣♣. ...
########## #.#
#........#♣♣K♣♣
######.♣.#♣...♣#
#{♣..y@...#
#..y.♣.#♣...♣#
####...#♣♣.♣♣ ###
##### #[# ♣♣♣.♣♣♣♣♣♣♣
♣♣†♣♣ ♣
♣.♣.......♣#♣...♣#
~~.♣.♣.♣.≈~≈.^......#
≈≈≈...[♣♣..♣.♣♣♣)..♣#
....♣♣.♣♣♣...♣ ♣♣.♣♣


You could see a hornet and a kobold brigand.

Vanquished Creatures
  A steam dragon (D:4)
  Menkaure (D:5)
  Duvessa (D:5)
  2 water moccasins
  3 black bears
  2 sky beasts
  A centaur (D:6)
  4 ogres
  A phantom (D:5)
  6 kobold brigands (Sewer)
  5 bullfrogs
  4 wights
  Dowan (D:5)
  A killer bee (D:8)
  2 jellies (D:5)
  2 orc priests
  3 hounds
  7 iguanas
  An orc wizard (D:4)
  2 river rats (D:4)
  8 adders
  2 shadow imps
  3 white imps
  2 ufetubi (D:5)
  3 worms
  3 dart slugs
  19 orcs
  10 bats
  8 endoplasms
  5 giant cockroaches
  5 goblins
  4 hobgoblins
  4 jackals (D:2)
  2 quokkas
  9 ball pythons
  4 frilled lizards
  19 kobolds
  9 rats
169 creatures vanquished.

Vanquished Creatures (collateral kills)
  A foxfire (Sewer)
1 creature vanquished.

Vanquished Creatures (others)
  162 foxfires
  31 plants
193 creatures vanquished.

Grand Total: 363 creatures vanquished

Notes
Turn   | Place    | Note
-------+----------+-------------------------------------------
     0 | D:1      | GriffinBabe the Deep Elf Fire Elementalist began the quest
                  | for the Orb.
     0 | D:1      | Reached XP level 1. HP: 10/10 MP: 6/6
   215 | D:1      | Reached XP level 2. HP: 15/15 MP: 5/8
   218 | D:1      | Learned a level 2 spell: Scorch
   363 | D:1      | Found a faded altar of an unknown god.
  1272 | D:2      | Reached XP level 3. HP: 19/19 MP: 6/9
  1529 | D:2      | Identified the +8 long sword of Ynedeiqoyr {drain, rN++
                  | Str+2 SInv}
  1949 | D:2      | Reached skill level 4 in Spellcasting
  2276 | D:3      | Found a transporter.
  2307 | D:3      | Found a transporter.
  2518 | D:3      | Reached XP level 4. HP: 24/24 MP: 9/12
  3335 | D:4      | Noticed a steam dragon
  3349 | D:4      | Killed a steam dragon
  3350 | D:4      | Reached skill level 5 in Spellcasting
  3350 | D:4      | Reached skill level 5 in Fire Magic
  3350 | D:4      | Reached XP level 5. HP: 12/28 MP: 1/14
  3364 | D:5      | Entered Level 5 of the Dungeon
  3507 | D:4      | Found Hastuhae's Vocational Training.
  3720 | D:4      | Reached XP level 6. HP: 32/32 MP: 10/16
  3732 | D:4      | Found a glowing drain.
  3743 | Sewer    | Entered a sewer
  3839 | Sewer    | Reached skill level 6 in Spellcasting
  3963 | Sewer    | Learned a level 3 spell: Volatile Blastmotes
  4314 | Sewer    | Reached skill level 7 in Spellcasting
  4314 | Sewer    | Reached XP level 7. HP: 37/37 MP: 10/19
  4470 | Sewer    | Learned a level 4 spell: Flame Wave
  5365 | D:4      | Found a shimmering altar of Xom.
  5366 | D:4      | Found a burning altar of Makhleb.
  5945 | D:5      | Noticed Menkaure
  5959 | D:5      | Killed Menkaure
  5960 | D:5      | Reached skill level 1 in Fighting
  5960 | D:5      | Reached skill level 8 in Spellcasting
  6028 | D:5      | Noticed Duvessa
  6277 | D:5      | Reached XP level 8. HP: 33/44 MP: 15/22
  6465 | D:5      | Found a blossoming altar of Fedhas.
  6477 | D:5      | Found a sacrificial altar of Ru.
  6757 | D:5      | Found a basalt altar of Yredelemnul.
  6801 | D:5      | Found a shadowy altar of Dithmenos.
  6924 | D:5      | Reached skill level 5 in Stealth
  7189 | D:5      | Noticed Dowan
  7285 | D:5      | Killed Dowan
  7291 | D:5      | Killed Duvessa
  7523 | D:6      | Identified the +1 war axe of Twilight {drain, rC+}
  7715 | D:6      | Reached skill level 5 in Dodging
  7715 | D:6      | Reached skill level 9 in Spellcasting
  8571 | D:6      | Reached XP level 9. HP: 52/52 MP: 16/24
  8876 | D:7      | Found an ancient bone altar of Kikubaaqudgha.
  8988 | D:7      | Found Upteidips's Evil Emporium.
  9108 | D:7      | Found an opulent altar of Gozag.
  9231 | D:7      | Found Moes's Jewellery Shoppe.
  9280 | D:7      | Bought an amulet of regeneration for 360 gold pieces
  9412 | D:7      | Found a staircase to the Ecumenical Temple.
  9417 | Temple   | Entered the Ecumenical Temple
  9619 | D:7      | Reached skill level 5 in Fighting
 10030 | D:8      | Reached skill level 10 in Spellcasting
 10037 | D:8      | Slain by a hornet

Illustrated notes

Levels and vault maps discovered:
D:1:      psy_arrival_dodecagon, layout_loops_ring,
          nicolae_ecumenical_lake_church
D:2:      layout_rooms
D:3:      gammafunk_wand_slinger, layout_loops_ring
D:4:      layout_loops_ring, grunt_temple_overflow_champion_of_chaos,
          portal_sewer_entry_e, nicolae_shop_vocational
D:5:      layout_basic, nicolae_dithmenos_shadow_blocks,
          nicolae_overflow_squiral, mainiacjoe_overflow_cross_hatched,
          uniq_duvessa, uniq_menkaure
D:6:      layout_loops_cross, minmay_misc_feat_iff, amcnicky_mini_pool_small
D:7:      layout_rooms, grunt_gozag_breadcrumbs, lemuel_tele_altar,
          temple_doors_cd, serial_shops, nicolae_shop_advertising_works
          [nicolae_subvault_shop_adworks], chequers_serial_rivers_micro_a,
          nicolae_evil_shop
D:8:      nzn_winding_woodlands_medium [nzn_winding_woodlands_5x5_cross,
          nzn_winding_woodlands_5x15_jagged,
          nzn_winding_woodlands_5x5_perimeter,
          nzn_winding_woodlands_5x5_checkerboard,
          nzn_winding_woodlands_center_lodge,
          nzn_winding_woodlands_5x5_open_star, nzn_winding_woodlands_hourglass,
          nzn_winding_woodlands_5x15_pathside_ponds,
          nzn_winding_woodlands_5x5_default], layout_basic,
          mainiacjoe_overflow_paths, trog_wizard,
          beargit_hepliaklqana_dungeon_heroes, mainiacjoe_overflow_brackets,
          enter_bailey_4, nicolae_shop_sticking_my_neck_out
Temple:   nicolae_temple_bog_church

Skill      XL: |  1  2  3  4  5  6  7  8  9 |
---------------+----------------------------+-----
Fire Magic     | 4 5 6 |  6.8
Spellcasting   | 4 5 7 8 9 10 | 10.0
Stealth        | 3 4 5 7 |  7.1
Dodging        | 3 5 6 |  6.5
Conjurations   | 2 |  2.2
Fighting       | 2 4 5 |  5.6
Translocations | |  0.4

Action                     |  1- 3 |  4- 6 |  7- 9 || total
---------------------------+-------+-------+-------++-------
  Melee: Dagger            |     1 |    18 |    10 ||    29
   Cast: Foxfire           |    50 |    32 |    33 ||   115
         Scorch            |    29 |    36 |    94 ||   159
         Volatile Blastmot |       |     2 |    32 ||    34
         Flame Wave        |       |       |     1 ||     1
  Evoke: Wand              |       |       |     1 ||     1
    Use: Scroll            |     1 |     2 |     9 ||    12
         Potion            |       |     1 |     2 ||     3
 Armour: Robe              |     2 |     5 |     6 ||    13
  Dodge: Dodged            |    13 |    19 |    43 ||    75
